 Dungeon Crawl Stone Soup version 0.30-a0-918-g0ff054e9dc (webtiles) character file.

Game seed: 12015794942248166426

30 jasper the Grasshopper (level 3, -6/28 HPs)
             Began as a Demonspawn Wanderer on Mar 20, 2023.
             Was an Initiate of Yredelemnul.
             Killed by nerve-wracking pain
             ... invoked by an orc priest
              (9 damage)
             ... on level 3 of the Dungeon.
             The game lasted 00:03:59 (1286 turns).

jasper the Grasshopper (Demonspawn Wanderer)        Turns: 1286, Time: 00:04:00

Health: -6/28      AC:  8    Str: 13    XL:     3   Next: 5%
Magic:  4/4        EV: 10    Int: 13    God:    Yredelemnul [......]
Gold:   43         SH:  0    Dex: 13    Spells: 3/4 levels left

rFire   . . .      SeeInvis .    h - +0 short sword
rCold   . . .      Faith    .    (no shield)
rNeg    . . .      Spirit   .    m - +0 ring mail
rPois   .          Reflect  .    b - +0 helmet
rElec   .          Rampage  .    (no cloak)
rCorr   .                        (no gloves)
Will    +....                    (no boots)
Stlth   +                        (no amulet)
HPRegen 0.24/turn                f - ring of willpower
MPRegen 0.09/turn                (no ring)

@: mighty, about to teleport
A: molten scales 1, ignite blood 1
a: Renounce Religion, Recall Undead Harvest


You were on level 3 of the Dungeon.
You worshipped Yredelemnul.
Yredelemnul was noncommittal.
You visited 1 branch of the dungeon, and saw 3 of its levels.

You collected 43 gold pieces.

Inventory:

Hand Weapons
 a - a +0 dagger
 h - a +0 short sword (weapon)
Armour
 b - a +0 helmet (worn)
 d - a +0 robe
 m - a +0 ring mail (worn)
Jewellery
 c - an amulet of regeneration
 f - a ring of willpower (left hand)
Potions
 i - 3 potions of mutation
 l - a potion of brilliance {unknown}


   Skills:
 + Level 2.7 Fighting
 - Level 1.7 Dodging
 - Level 1.0 Stealth
 - Level 1.0 Unarmed Combat
 - Level 1.0 Spellcasting
 - Level 4.5 Translocations


You had 3 spell levels left.
You knew the following spells:

 Your Spells              Type           Power      Damage    Failure   Level
a - Apportation           Tloc           24%        N/A       10%         1

Your spell library contained the following spells:

 Spells                   Type           Power      Damage    Failure   Level
 Lesser Beckoning         Tloc           24%        N/A       14%         2
 Passage of Golubria      Tloc           12%        N/A       67%         4
 Silence                  Hex/Air        0%         N/A       100%        5
 Lehudib's Crystal Spear  Conj/Erth      0%         10d2      100%        8


Dungeon Overview and Level Annotations

Branches:
Dungeon (3/15)

Altars:
Yredelemnul


Innate Abilities, Weirdness & Mutations

You are partially covered in molten scales. (AC +2)
Your demonic aura sometimes causes spilled blood to erupt in flames.


Message History

You regained 8 hp, and now have 9/28 hp.
You feel very mighty all of a sudden.
Found a stone staircase leading down.
Found a glowing silvery potion.
Found a notched opal ring.
An iguana comes into view.
The iguana hisses angrily.
You hear a shout!
A goblin comes into view. It is wielding a +0 club.
You see here an amulet of regeneration.
c - an amulet of regeneration
Found a scroll of noise.
The adder hisses angrily.
A quokka comes into view.
A hobgoblin comes into view.
Found a scroll labelled DARE QAYTZE.
The iguana attacks as you move away!
The iguana bites you but does no damage.
As you read the scroll of teleportation, it crumbles to dust.
You feel strangely unstable. The iguana bites you.
You take 1 damage, and have 11/28 hp.
Your surroundings suddenly seem different.
The bat attacks as you move away! The bat hits you but does no damage. x2
The orc hits you with a +0 short sword.
* * * LOW HITPOINT WARNING * * *
You take 3 damage, and have 8/28 hp.
The kobold shouts!
The bat hits you but does no damage.
You closely miss the bat. The bat hits you but does no damage.
The bat barely misses you. The bat hits you but does no damage.
The orc completely misses you. The bat hits you but does no damage.
The orc wizard points at you and mumbles some strange words.
The puff of flame hits you.
* * * LOW HITPOINT WARNING * * *
You take 6 damage, and have 3/28 hp.
MASSIVE DAMAGE!!
As you read the scroll of teleportation, it crumbles to dust.
You feel strangely unstable. The bat misses you. The bat closely misses you.
The orc priest calls down the wrath of Beogh upon you.
Pain shoots through your body!
You die...
Your body rises from the dead as a mindless zombie.

~~~o. #...##########(####...
~≈≈≈. #...#....<.......##...
~~≈≈~ #...............#...
≈≈≈~ #......†.........).. ≈≈~~
# ####.$....K..........##
..#..............§.....#
#...#...b........§....[#
#.....................##
..###.b@o.......§....#
......#..o.P.........##
........##o..._.....bK##
#.##.#..####.P^P.#.K### ...
###... #$.#..........S####
.... .... #....$§....#.....>.
....###..##.o#$.......#.....S.
..............................
.....=.##.##########..........


You could see an orc priest, an orc wizard, an orc, 2 bats and a kobold.

Vanquished Creatures
  A dart slug (D:1)
  An endoplasm (D:1)
  3 goblins (D:1)
  3 hobgoblins
  4 jackals (D:1)
  A kobold (D:1)
  A quokka (D:1)
  4 bats
  5 frilled lizards
  3 rats (D:1)
26 creatures vanquished.

Vanquished Creatures (others)
  A withered plant (D:3)
1 creature vanquished.

Grand Total: 27 creatures vanquished

Notes
Turn   | Place    | Note
-------+----------+-------------------------------------------
     0 | D:1      | jasper the Demonspawn Wanderer began the quest for the Orb.
     0 | D:1      | jasper set off with the following items: a +0 dagger, a +0
                  | helmet, a potion of curing, a +0 robe, a scroll of
                  | teleportation; and the following spell memorised:
                  | Apportation; and the following spells available to
                  | memorise: Lesser Beckoning, Passage of Golubria.
     0 | D:1      | Reached XP level 1. HP: 13/13 MP: 2/2
   165 | D:1      | Reached skill level 1 in Fighting
   283 | D:1      | Gained mutation: Your demonic aura sometimes causes spilled
                  | blood to erupt in flames. [demonic ancestry]
   283 | D:1      | Reached XP level 2. HP: 17/22 MP: 3/3
  1212 | D:3      | Found a basalt altar of Yredelemnul.
  1232 | D:3      | Gained mutation: You are partially covered in molten
                  | scales. (AC +2) [demonic ancestry]
  1232 | D:3      | Reached XP level 3. HP: 26/28 MP: 4/4
  1261 | D:3      | Became a worshipper of Yredelemnul the Dark
  1265 | D:3      | HP: 1/28 [adder (2)]
  1286 | D:3      | Killed from afar by an orc priest

Illustrated notes

Levels and vault maps discovered:
D:1:      dpeg_arrival_castle, layout_basic, grunt_decor_resistance,
          st_stairs_12, hangedman_decor_clover_reticule,
          minmay_stone_trees_medium
D:2:      layout_basic, minmay_goblin_kobold_house, uniq_robin
D:3:      layout_rooms, mainiacjoe_overflow_alcove_2, overflow_temple_1_default,
          yredelemnul_altar_generic, gammafunk_ghost_cemetery,
          chequers_serial_rivers_large_a

Skill      XL: |  1  2 |
---------------+-------+-----
Fighting       | 1 2 |  2.7
Dodging        | |  1.7
Stealth        | |  1.0
Unarmed Combat | |  1.0
Spellcasting   | |  1.0
Translocations | |  4.5

Action                     || total
---------------------------++-------
  Melee: Dagger            ||    24
         Short sword       ||   105
  Throw: Stone             ||     8
    Use: Scroll            ||     7
         Potion            ||     2
   Stab: Sleeping          ||     2
 Armour: Robe              ||    28
         Ring mail         ||    65
  Dodge: Dodged            ||   146

Table legend: (Time is in decaauts)
 A = Elapsed time spent in this place.
 B = Non-inter-level travel time spent in this place.
 C = Inter-level travel time spent in this place.
 D = Time resting spent in this place.
 E = Time spent auto-exploring this place.
 F = Levels seen in this place.
 G = Mean time per level.
                   A        B        C        D        E       F      G
               +--------+--------+--------+--------+--------+-----+--------+
         Total |   1289 |   1182 |    107 |     27 |    680 |   3 |  429.7 |
       Dungeon |   1289 |   1182 |    107 |     27 |    680 |   3 |  429.7 |
               +--------+--------+--------+--------+--------+-----+--------+

Top non-repeatable levels by time:
     D:1: 1024 daAuts
     D:2: 158 daAuts
     D:3: 106 daAuts
